 Dungeon Crawl Stone Soup version 0.15-a0-1646-g393eda0 (webtiles) character file.

128 MrRokkomies the Grasshopper (level 5, 0/38 HPs)
             Began as a Formicid Warper on June 22, 2014.
             Succumbed to kobold's curare-tipped needle
             ... in a sewer.
             The game lasted 00:07:58 (3202 turns).

MrRokkomies the Grasshopper (Formicid Warper)       Turns: 3202, Time: 00:07:58

HP   0/38        AC  8     Str 16      XL: 5   Next: 33%
MP  11/11        EV  6     Int 12      God:
Gold 154         SH  0     Dex 11      Spells:  2 memorised,  5 levels left

rFire  + . .     SeeInvis +     a - +1 mace
rCold  + . .     Clarity  .     r - +0 chain mail
rNeg   . . .     rCorr    .     (no shield)
rPois  +         rRot     .     (helmet unavailable)
rElec  +         Spirit   .     (no cloak)
SustAb .         Warding  .     (no gloves)
rMut   .         Stasis   +     (no boots)
Gourm  .                        (no amulet)
MR     +....                    (no ring)
                                l - ring of protection from magic

@: lethally poisoned, resistant, somewhat resistant to hostile enchantments,
extremely unstealthy
A: permanent stasis, dig shafts and tunnels, four strong arms, antennae 3
a: Dig, Shaft Self


You were in a sewer.
You were not hungry.

You visited 1 branch of the dungeon, and saw 3 of its levels.
You also visited: Sewer.

You collected 154 gold pieces.

Inventory:

Hand weapons
 a - a +1 mace (weapon)
 p - a +0 sling
Missiles
 d - 14 sling bullets
 g - 10 poisoned bolts
 j - 16 bolts of frost
 m - 12 poisoned needles
 n - 32 arrows
 q - 19 bolts
Armour
 b - a +0 leather armour
 r - a +0 chain mail (worn)
Comestibles
 f - 2 bread rations
Scrolls
 k - 2 scrolls of enchant weapon
Jewellery
 l - a ring of protection from magic (left hand)
Potions
 h - a potion of lignification
 t - a potion of resistance
Books
 c - a book of Spatial Translocations

   Spells                             Type                      Level
   *Apportation                       Translocation                1
   Blink                              Translocation                2
   *Shroud of Golubria                Charms/Translocation         2
   Portal Projectile                  Translocation                3
   Teleport Other                     Translocation                3
   Passage of Golubria                Translocation                4


   Skills:
 - Level 2.1 Fighting
 * Level 3.4 Maces & Flails
 - Level 0.7 Throwing
 * Level 2.6 Armour
 - Level 1.7 Dodging
 - Level 2.1 Spellcasting
 - Level 3.8 Translocations


You had 5 spell levels left.
You knew the following spells:

 Your Spells              Type           Power        Failure   Level  Hunger
a - Apportation           Tloc           ##........   97%         1    ##.....
b - Shroud of Golubria    Chrm/Tloc      #.........   100%        2    ###....


Dungeon Overview and Level Annotations

Branches:
Dungeon (3/15)

Altars:
Okawaru


Innate Abilities, Weirdness & Mutations

Your are under a permanent stasis effect.
You can dig through walls and to a lower floor.
Your four strong arms can wield two-handed weapons with a shield.
You have a pair of large antennae on your head (SInv).


Message History

Aim: a kobold, wielding a blowgun You throw a tomahawk.
The tomahawk closely misses the kobold.
You hear a splash.
* * * LOW HITPOINT WARNING * * *
You feel sick.
Throwing (i - inventory):
e - a tomahawk (quivered)
Press: ? - help, Shift-Dir - straight line, f/p - kobold
Aim: a kobold, wielding a blowgun You throw a tomahawk.
The tomahawk closely misses the kobold.
You hear a splash.
* * * LOW HITPOINT WARNING * * *
You feel sick.
Drink which item? (? for menu, Esc to quit)
You feel protected.
You have got your breath back.
* * * LOW HITPOINT WARNING * * *
You feel sick.
Read which item? (? for menu, Esc to quit)
Okay, then.
You die...

#..≈... #.≈≈≈≈≈. #≈≈≈≈≈≈.#
#≈h≈≈≈≈.# #≈{≈≈≈≈.# #≈≈≈≈≈≈.#
#.≈(≈≈..#
#######################..≈≈≈≈≈#
....≈≈≈≈≈≈≈≈≈≈≈(@≈≈K(≈≈(≈≈≈≈≈≈#
#######################.≈≈≈≈≈.#
##.≈≈≈≈## .≈≈≈.# ≈≈≈≈.# .≈≈≈.
.≈≈≈ . ≈


You could see a kobold.

Vanquished Creatures
  A big fish (Sewer)
  2 green rats (Sewer)
  2 adders (D:2)
  A worm (D:3)
  An ooze (D:1)
  A bat (D:2)
  6 giant cockroaches
  5 goblins
  7 hobgoblins
  2 jackals (Sewer)
  6 giant geckos
  5 giant newts
  2 kobolds
  9 rats
50 creatures vanquished.

Notes
Turn   | Place    | Note
--------------------------------------------------------------
     0 | D:1      | MrRokkomies, the Formicid Warper, began the quest for the Orb.
     0 | D:1      | Reached XP level 1. HP: 16/16 MP: 3/3
   184 | D:1      | Reached skill level 3 in Translocations
   225 | D:1      | Reached XP level 2. HP: 2/22 MP: 5/5
  1287 | D:1      | Learned a level 2 spell: Shroud of Golubria
  1330 | D:2      | Reached XP level 3. HP: 27/27 MP: 7/7
  1738 | D:2      | Found an iron altar of Okawaru.
  2070 | D:2      | Reached XP level 4. HP: 9/33 MP: 8/8
  2598 | D:3      | Found a glowing drain.
  2633 | Sewer    | Entered a sewer
  2994 | Sewer    | Reached XP level 5. HP: 13/38 MP: 11/11
  3201 | Sewer    | HP: 1/38 [poisoned by kobold (curare-tipped needle)]
  3202 | Sewer    | Succumbed to kobold's curare-tipped needle

Action                   |  1- 3 |  4- 6 || total
-------------------------+-------+-------++-------
Melee: Mace              |   115 |    78 ||   193
Throw: Tomahawk          |     9 |    19 ||    28
 Abil: Dig               |       |     1 ||     1
  Use: Scroll            |     2 |     5 ||     7
       Potion            |       |     4 ||     4
